 Dungeon Crawl Stone Soup version 0.18.1-50-g88ac8fd (webtiles) character file.

28 Peloso the Covered (level 3, 23/23 HPs)
             Began as a Tengu Fighter on Oct 30, 2016.
             Quit the game on level 1 of the Dungeon.
             The game lasted 00:02:41 (820 turns).

Peloso the Covered (Tengu Fighter)                   Turns: 820, Time: 00:02:41

Health: 23/23      AC:  6    Str: 16    XL:     3   Next: 14%
Magic:  4/4        EV:  7    Int:  8    God:
Gold:   45         SH:  9    Dex: 14    Spells: 0 memorised, 2 levels left

rFire  . . .     SeeInvis .     a - +0 long sword
rCold  . . .     Gourm    .     b - +0 scale mail
rNeg   . . .     Faith    .     c - +0 shield
rPois  .         Spirit   .     (helmet restricted)
rElec  .         Dismiss  .     (no cloak)
rCorr  .         Reflect  .     (no gloves)
SustAt .         Harm     .     (boots unavailable)
MR     .....                    (no amulet)
Stlth  ..........               (no ring)
                                (no ring)

@: not resistant to hostile enchantments, extremely unstealthy
A: beak, talons 3
a: no special abilities


You were on level 1 of the Dungeon.
You were not hungry.

You visited 1 branch of the dungeon, and saw 1 of its levels.

You collected 45 gold pieces.

Inventory:

Hand Weapons
 a - a +0 long sword (weapon)
Armour
 b - a +0 scale mail (worn)
 c - a +0 shield (worn)
Scrolls
 e - a scroll of blinking {unknown}
 g - a scroll of teleportation {unknown}
 j - a scroll of enchant weapon {unknown}
 k - a scroll of identify {unknown}
Potions
 d - a potion of might
 h - a potion of curing {unknown}
 i - a potion of lignification {unknown}
 l - 2 potions of flight {unknown}
Comestibles
 f - a bread ration


   Skills:
 + Level 3.3 Fighting
 + Level 2.2 Long Blades
 + Level 3.6 Armour
 + Level 0.7 Dodging
 + Level 3.4 Shields


You had 2 spell levels left.
You didn't know any spells.

Dungeon Overview and Level Annotations

Branches:
Dungeon (1/15)

Altars:


Innate Abilities, Weirdness & Mutations

You have a beak for a mouth.
You have claws for feet.


Message History

A bat is nearby!
You closely miss the bat. Your kick misses the bat. Your peck misses the bat.
The bat hits you but does no damage. The bat barely misses you.
There is an open door here.
You block the bat's attack. The bat hits you but does no damage.
You completely miss the bat. Your kick misses the bat. You peck the bat.
You kill the bat!
You see here 5 needles of sleeping.
You see here a hobgoblin skeleton.
i - a metallic sapphire potion
l - 2 golden potions Done exploring.
Done exploring.
Done exploring.
Done exploring.
Done exploring.
Done exploring.
Are you sure you want to abandon this character and quit the game? (Confirm with "yes".)

###........####.#.#
........#.....#.#.#
.##)#....#.##.#.#.#
..#.#.........#.#.#
#.#.####.#(####.#.#
#.#.............#.#
#.###############.#
..# ##### #######.#
..###...###.....@.#
#..#..#..##########
##...###.#
#..#[.#..#
..###...## .##
##.## ..###...##
####### #..#..#..#
#.....# ##...###.#
#.###.#


There were no monsters in sight!

Vanquished Creatures
  An ooze (D:1)
  A giant gecko (D:1)
  8 bats (D:1)
  5 goblins (D:1)
  2 hobgoblins (D:1)
  A giant newt (D:1)
  3 rats (D:1)
21 creatures vanquished.

Notes
Turn   | Place    | Note
--------------------------------------------------------------
     0 | D:1      | Peloso the Tengu Fighter began the quest for the Orb.
     0 | D:1      | Reached XP level 1. HP: 14/14 MP: 2/2
     2 | D:1      | Noticed a felid
     2 | D:1      | Noticed a formicid
     6 | D:1      | Noticed an elf
     6 | D:1      | Noticed a troll
     8 | D:1      | Noticed a halfling
     8 | D:1      | Noticed a tengu
    10 | D:1      | Noticed a demigod
    10 | D:1      | Noticed a dwarf
    12 | D:1      | Noticed a naga
    12 | D:1      | Noticed an octopode
    14 | D:1      | Noticed a centaur
    14 | D:1      | Noticed a draconian
    16 | D:1      | Noticed a demonspawn
    18 | D:1      | Noticed a vampire
    18 | D:1      | Noticed a merfolk
    20 | D:1      | Noticed a gargoyle
    20 | D:1      | Noticed an ogre
    22 | D:1      | Noticed a ghoul
    24 | D:1      | Noticed a minotaur
    24 | D:1      | Noticed a vine stalker
    26 | D:1      | Noticed a spriggan
    26 | D:1      | Noticed a human
   162 | D:1      | Reached XP level 2. HP: 19/19 MP: 3/3
   344 | D:1      | Reached XP level 3. HP: 19/23 MP: 4/4
   820 | D:1      | Quit the game

Action                   || total
-------------------------++-------
Melee: Long sword        ||    44
       Kick              ||     6
       Peck              ||     3
Armor: Scale mail        ||    26
Dodge: Dodged            ||    17
Block: Shield            ||    25
